 Dungeon Crawl Stone Soup version 0.25-a0-177-gd145f35b4e (webtiles) character file.

Game seed: 4665748437714077190, levelgen mode: deterministic

11 nvzn the Sneak (level 2, -1/19 HPs)
             Began as a Vampire Enchanter on Nov 26, 2019.
             Slain by a phantom (5 damage)
             ... on level 1 of the Dungeon.
             The game lasted 00:08:27 (705 turns).

nvzn the Sneak (Vampire Enchanter)                   Turns: 705, Time: 00:08:28

Health: -1/19      AC:  2    Str:  7    XL:     2   Next: 17%
Magic:  4/5        EV: 12    Int: 17    God:
Gold:   25         SH:  0    Dex: 14    Spells: 4/5 levels left

rFire    . . .     SeeInvis +   a - +1 dagger
rCold    . . .     Gourm    .   (no shield)
rNeg     . . .     Faith    .   b - +0 robe
rPois    .         Spirit   .   (no helmet)
rElec    .         Reflect  .   (no cloak)
rCorr    .         Harm     .   (no gloves)
MR       .....                  (no boots)
Stlth    +++.......             (no amulet)
HPRegen  0.26/turn              (no ring)
MPRegen  0.09/turn              (no ring)

@: regenerating quickly
A: no food, fangs 3, see invisible, unbreathing
a: Exsanguinate


You were on level 1 of the Dungeon.
You were alive.

You visited 1 branch of the dungeon, and saw 2 of its levels.

You collected 25 gold pieces.

Inventory:

Hand Weapons
 a - a +1 dagger (weapon)
 e - a +0 club
 h - a +0 mace
 i - a +0 spear
 m - a +0 club
 p - a +0 whip
 q - a +0 club
Missiles
 g - 26 arrows
 j - 23 sling bullets
 k - 8 poisoned darts (quivered)
Armour
 b - a +0 robe (worn)
Scrolls
 d - a scroll of remove curse {unknown}
 f - a scroll of random uselessness {unknown}
 n - 3 scrolls of identify {unknown}
 o - a scroll of magic mapping {unknown}
Potions
 c - a potion of lignification {unknown}
 r - a potion of flight {unknown}
 s - a potion of brilliance {unknown}
Comestibles
 l - 2 rations


   Skills:
 + Level 1.5 Short Blades
 + Level 2.2 Dodging
 + Level 4.9 Stealth
 + Level 2.0 Spellcasting
 + Level 4.7 Hexes


You had 4 spell levels left.
You knew the following spells:

 Your Spells              Type           Power        Failure   Level  Hunger
a - Corona                Hex            ###....      2%          1    N/A

Your spell library contained the following spells:

 Spells                   Type           Power        Failure   Level  Hunger
 Confuse                  Hex            ###.....     9%          3    N/A
 Tukima's Dance           Hex            ###.....     9%          3    N/A
 Ensorcelled Hibernation  Hex/Ice        #.....       11%         2    N/A
 Dazzling Spray           Conj/Hex       #.....       22%         3    N/A

Dungeon Overview and Level Annotations

Branches:
Dungeon (2/15)

Altars:
Hepliaklqana


Innate Abilities, Weirdness & Mutations

You do not eat.
Your natural rate of healing is unusually fast.
You have razor-sharp teeth.
You have supernaturally acute eyesight. (SInv)
You can survive without breathing.


Message History

The phantom is lightly damaged.
The phantom blinks!
You can't go up here!
Unknown command.
You barely miss the phantom.
The phantom is lightly damaged.
The phantom misses you.
The phantom blinks!
There is a stone staircase leading up here.
The phantom hits you!
* * * LOW HITPOINT WARNING * * *
You climb upwards.
There is a stone staircase leading down here.
You can't go up here!
You closely miss the phantom.
The phantom is lightly damaged.
You hit the phantom.
The phantom is moderately damaged.
The phantom stops glowing.
The phantom hits you.
You die...

#.##.######.#.....##
#.#........^#......###
####.....#.###.#......'..
#........#.###.#......###
#.##.##..#.###.#.....##
#.##.###.#..........##
#.##.....#.#####...##
#.######...# ##'## #.#
#@### #.# ### #.######W#
#.###.##
#........########.##.#.##
########......##....###.#
######.#....## ##.
#.##..## ## #.###..## ##.
#.......###.#
########.#.##


You could see a phantom.

Vanquished Creatures
  A bat (D:1)
  2 goblins (D:1)
  5 hobgoblins (D:1)
  A kobold (D:1)
9 creatures vanquished.

Notes
Turn   | Place    | Note
-------+----------+-------------------------------------------
     0 | D:1      | nvzn the Vampire Enchanter began the quest for the Orb.
     0 | D:1      | Reached XP level 1. HP: 13/13 MP: 3/3
     5 | D:1      | Found a hazy altar of Hepliaklqana.
   512 | D:1      | Reached XP level 2. HP: 19/19 MP: 3/5
   676 | D:2      | Noticed a phantom
   705 | D:1      | Slain by a phantom

Levels and vault maps discovered:
D:1:      sevenhm_arrival_forest_fort_small_6, layout_loops_corners,
          kennysheep_crisscross, minmay_misc_feat_encased
D:2:      layout_loops_cross, minmay_tromino_v7, uniq_natasha

Action                   || total
-------------------------++-------
Melee: Dagger            ||    48
       Bite              ||     5
 Cast: Corona            ||     8
 Stab: Sleeping          ||     2
Armor: Robe              ||     3
Dodge: Dodged            ||    28

Table legend:
 A = Non-vault XP
 B = Vault XP
 C = Vault XP percentage of total XP
 D = Non-vault monster count
 E = Vault monster count
 F = Vault count percentage of total count
                 A         B        C        D         E       F
            +---------+---------+-------+---------+---------+-------
      Total |      17 |       0 |   0.0 |       9 |       0 |   0.0
            +---------+---------+-------+---------+---------+-------
        D:1 |      17 |       0 |   0.0 |       9 |       0 |   0.0
            +---------+---------+-------+---------+---------+-------
